 Dungeon Crawl Stone Soup version 0.30.1-11-g7821555f0a (webtiles) character file.

Game seed: 14388598684426071390

174 tbole the Cutter (level 5, 42/42 HPs)
             Began as a Human Fighter on July 20, 2023.
             Quit the game on level 3 of the Dungeon on Oct 28, 2023.
             The game lasted 00:14:06 (2489 turns).

tbole the Cutter (Human Fighter)                    Turns: 2489, Time: 00:14:06

Health: 42/42      AC: 12    Str: 16    XL:     5   Next: 84%
Magic:  5/5        EV:  4    Int:  8    God:
Gold:   110        SH:  9    Dex: 19    Spells: 4/4 levels left

rFire   . . .        a - +1 rapier (freeze)
rCold   . . .        c - +0 buckler
rNeg    . . .        q - +0 plate armour
rPois   .            (no helmet)
rElec   .            (no cloak)
rCorr   .            g - +0 pair of gloves
SInv    .            (no boots)
Will    +....        (no amulet) Stlth
                     r - ring of willpower
HPRegen 0.27/turn    h - +6 ring of dexterity
MPRegen 0.09/turn

%: random rage (3%)
@: no status effects
A: large bone plates 1, berserk 1, weak 1
a: no special abilities


You were on level 3 of the Dungeon.
You visited 1 branch of the dungeon, and saw 3 of its levels.

You collected 110 gold pieces.

Inventory:

Hand Weapons
 a - a +1 rapier of freezing (weapon)
 k - a +2 whip of pain
Armour
 b - a +0 scale mail
 c - a +0 buckler (worn)
 g - a +0 pair of gloves (worn)
 q - a +0 plate armour (worn)
Jewellery
 f - a ring of protection from fire
 h - a +6 ring of dexterity (right hand)
 n - a ring of magical power
 r - a ring of willpower (left hand)
Wands
 m - a wand of flame (26)
Scrolls
 d - a scroll of identify
 i - 3 scrolls of amnesia
Potions
 e - a potion of magic
 j - 3 potions of cancellation
 p - a potion of attraction
 t - a potion of heal wounds


   Skills:
 + Level 3.7 Fighting
 + Level 4.1 Short Blades
 + Level 3.5 Armour
 + Level 3.6 Shields


You had 4 spell levels left.
You didn't know any spells.
Your spell library contained the following spells:

 Spells                   Type           Power      Damage    Failure   Level
 Slow                     Hex            0%         N/A       100%        1
 Confusing Touch          Hex            0%         N/A       100%        3
 Vampiric Draining        Necr           0%         2d6       100%        3


Dungeon Overview and Level Annotations

Branches:
Dungeon (3/15)

Altars:

Annotations:
D:2 1 runed translucent door, Crazy Yiuf


Innate Abilities, Weirdness & Mutations

You are partially covered in large bone plates. (SH +4)
You sometimes lose your temper in combat.
You are weak. (Str -2)


Message History

You hit the gnoll. You freeze the gnoll.
The gnoll is severely wounded.
You block the gnoll's attack.
You hit the gnoll. You freeze the gnoll.
You kill the gnoll!
You start resting.
HP restored.
Found a stone staircase leading down.
v - a scroll labelled WOEMOZ TILO
d - 2 scrolls of identify (gained 1)
d - 3 scrolls of identify (gained 1)
m - a wand of flame (26) (gained 16 charges)
You see here 9 stones.
Done exploring.
Done exploring.
As you read the scroll of identify, it crumbles to dust.
l - 2 potions of degeneration
As you read the scroll of identify, it crumbles to dust.
t - a potion of heal wounds You drop 2 potions of degeneration.
As you read the scroll labelled HEALUCH SEITOI, it crumbles to dust.
It is a scroll of enchant weapon.
Your +0 rapier of freezing glows red for a moment.
As you read the scroll labelled ASUSAYTH NIUGO, it crumbles to dust.
Wisps of shadow whirl around you...
It was a scroll of summoning.
As you read the scroll labelled HIHUOJU XECKIN, it crumbles to dust.
A profound silence engulfs you.
It was a scroll of silence.
You start waiting.
Your hearing returns.
As you read the scroll labelled WOEMOZ TILO, it crumbles to dust.
Magic quickly surges around you.
It was a scroll of vulnerability.
You start waiting.
Your dart slug dissolves into shadows!
Your ball python dissolves into shadows!
Your endoplasm dissolves into shadows!
You feel your willpower return.
Welcome back, tbole the Human Fighter.
Press ? for a list of commands and other information.
Unknown command.
Are you sure you want to abandon this character and quit the game? (Confirm with "yes".)

##### ##...## ##
##### ##>....##
.####...# #.......#
..†.....###.......#
.###............@.#
.# #....##.......##
.###....####...<.##
.....#### #.......#
####.# #.......#
.....# #.......#
.###.# ##.....## .#
#.# #.....## .###.#
#.#####


There were no monsters in sight!

Vanquished Creatures
  Natasha (thrice) (D:3)
  3 gnolls (D:3)
  A worm (D:2)
  7 orcs (D:3)
  6 bats
  3 endoplasms
  7 goblins
  8 hobgoblins
  3 jackals (D:1)
  2 quokkas
  5 ball pythons
  4 frilled lizards
  4 kobolds
  6 rats
62 creatures vanquished.

Notes
Turn   | Place    | Note
-------+----------+-------------------------------------------
     0 | D:1      | tbole the Human Fighter began the quest for the Orb.
     0 | D:1      | Reached XP level 1. HP: 18/18 MP: 1/1
   134 | D:1      | Reached XP level 2. HP: 21/24 MP: 2/2
   327 | D:1      | You fall into a shaft and drop 1 floor!
   542 | D:2      | Reached XP level 3. HP: 28/29 MP: 3/3
   809 | D:2      | Found a runed translucent door.
   810 | D:2      | Noticed Crazy Yiuf
  1040 | D:2      | Gained mutation: You sometimes lose your temper in combat.
                  | [potion of mutation]
  1040 | D:2      | Gained mutation: You are partially covered in large bone
                  | plates. (SH +4) [potion of mutation]
  1040 | D:2      | Gained mutation: You are weak. (Str -2) [potion of
                  | mutation]
  1591 | D:3      | Noticed Natasha
  1599 | D:3      | Killed Natasha
  1600 | D:3      | Reached skill level 3 in Short Blades
  1600 | D:3      | Reached XP level 4. HP: 29/35 MP: 4/4
  1688 | D:3      | Noticed Natasha
  1703 | D:3      | Killed Natasha
  1704 | D:3      | Reached XP level 5. HP: 5/41 MP: 5/5
  2034 | D:3      | Noticed Natasha
  2041 | D:3      | Killed Natasha
  2042 | D:3      | Reached skill level 4 in Short Blades
  2489 | D:3      | Upgraded the game from 0.30.1-3-gfc49f6343a to
                  | 0.30.1-11-g7821555f0a
  2489 | D:3      | Quit the game

Illustrated notes

Levels and vault maps discovered:
D:1:      psy_arrival_statuary, layout_loops_cross
D:2:      cheibrodos_old_hovel, layout_loops_cross, uniq_crazy_yiuf_cottage
D:3:      layout_rooms, wad_floor_pattern_untrapped, minmay_strange_pillars,
          minmay_misc_feat_cross, uniq_natasha

Skill      XL: |  1  2  3  4  5 |
---------------+----------------+-----
Short Blades   | 3 4 |  4.1
Fighting       | |  3.7
Armour         | |  3.5
Shields        | |  3.6

Action                     |  1- 3 |  4- 6 || total
---------------------------+-------+-------++-------
  Melee: Rapier            |   123 |    68 ||   191
  Evoke: Wand              |       |     1 ||     1
    Use: Scroll            |     8 |     6 ||    14
         Potion            |     2 |     1 ||     3
 Armour: Scale mail        |    45 |     7 ||    52
         Plate armour      |       |    22 ||    22
  Dodge: Dodged            |    38 |    14 ||    52
  Block: Buckler           |    28 |    25 ||    53
